 Dungeon Crawl Stone Soup version 0.31.0-32-g396128a36d (webtiles) character file.

Game seed: 14057221373660768485

5188 PriceMaster the Toxicologist (level 10, -16/65 HPs)
             Began as an Octopode Alchemist on Apr 22, 2024.
             Was a Follower of Ashenzari.
             Demolished by a two-headed ogre
             ... wielding a +0 giant club
              (20 damage)
             ... on level 9 of the Dungeon.
             The game lasted 00:17:50 (13224 turns).

PriceMaster the Toxicologist (Octopode Alchemist)  Turns: 13224, Time: 00:17:51

Health: -16/65     AC:  1    Str: 10    XL:     10   Next: 60%
Magic:  2/18       EV: 15    Int: 20    God:    Ashenzari [*.....]
Gold:   81         SH:  0    Dex: 19    Spells: 8/23 levels left

rFire   x . .        y - +1 short sword "Xuum" {flame, rElec rF- Str+3 Stlth+}
rCold   . . .        (no shield)
rNeg    . . .        (helmet restricted)
rPois   .            w - amulet of regeneration
rElec   +            s - ring "Enigmatic Inaction" {Dex+6, Range, Elem} (curse)
rCorr   .            i - ring of Supernal Understanding {SInv, Range, Sorc} (curse)
SInv    +            (no ring)
Will    .....        (no ring)
Stlth   ++++++       (no ring)
HPRegen 1.10/turn    (no ring)
MPRegen 0.16/turn    (no ring)
                     (no ring)

%: no passive effects
@: no status effects
A: almost no armour, amphibious, 8 rings, camouflage 1, gelatinous body 1,
(nimble swimmer 1), tentacles, clumsy 1, low MP 1, MP-powered wands
a: Renounce Religion, Curse Item, Shatter the Chains


You were on level 9 of the Dungeon.
You worshipped Ashenzari.
Ashenzari was aware of your devotion.
You visited 1 branch of the dungeon, and saw 9 of its levels.

You collected 485 gold pieces.
You spent 404 gold pieces at shops.

Inventory:

Hand Weapons
 h - a +0 dagger
 j - a +0 falchion
 k - a +0 dagger
 n - a +0 dagger of venom
 y - the +1 short sword "Xuum" (weapon) {flame, rElec rF- Str+3 Stlth+}
   (You bought it in a shop on level 7 of the Dungeon)

   Str+3:     It affects your strength (+3).
   rF-:       It makes you vulnerable to fire.
   rElec:     It insulates you from electricity.
   Stlth+:    It makes you more stealthy.
 C - the +7 flail of the Spider Nest {venom, rC+ Will+ Stlth-}
   (You found it on level 8 of the Dungeon)

   rC+:       It protects you from cold.
   Will+:     It increases your willpower.
   Stlth-:    It makes you less stealthy.
Jewellery
 a - a ring of resist corrosion
 i - the cursed ring of Supernal Understanding (right tentacle) {SInv, Range, Sorc}
   (You found it on level 2 of the Dungeon)

   [ring of see invisible]

   SInv:      It lets you see invisible.
   It has a curse which improves the following skills: Ranged Combat: Ranged
   Weapons and Throwing.
   Sorcery:   Conjurations and Alchemy.
 s - the cursed ring "Enigmatic Inaction" (left tentacle) {Dex+6, Range, Elem}
   (You found it on level 2 of the Dungeon)

   [ring of dexterity]

   Dex+6:     It affects your dexterity (+6).
   It has a curse which improves the following skills: Ranged Combat: Ranged
   Weapons and Throwing.
   Elements:  Fire Magic, Ice Magic, Air Magic and Earth Magic.
 w - an amulet of regeneration (around mantle)
Wands
 b - a wand of quicksilver (4)
 l - a wand of flame (16)
 x - a wand of charming (11)
Scrolls
 c - a scroll of blinking
 d - 5 scrolls of amnesia
 e - 3 scrolls of poison
 f - a scroll of fear
 g - a scroll of revelation
 m - 6 scrolls of identify
 r - a scroll of teleportation
 t - 2 scrolls of enchant armour
 A - a scroll of enchant weapon
 B - 3 scrolls of fog
 D - a scroll of brand weapon
Potions
 o - a potion of enlightenment
 q - 3 potions of attraction
 u - 3 potions of lignification
 v - a potion of cancellation


   Skills:
 * Level 4.9 Fighting
 + Level 2.1 Short Blades
 + Level 0.8 Maces & Flails
 * Level 4.3 Dodging
 * Level 7.1 Stealth
 + Level 7.2 Spellcasting
 + Level 4.3(5.1) Conjurations
 + Level 2.9(3.6) Air Magic
 * Level 10.1(10.9) Alchemy
 + Level 1.2 Evocations


You had 8 spell levels left.
You knew the following spells:

 Your Spells              Type           Power      Damage    Failure   Level
a - Sting                 Conj/Alch      100%       1d9       1%          1
b - Mercury Vapours       Alch/Air       72%        N/A       1%          2
c - Olgreb's Toxic Radia  Alch           50%        N/A       1%          4
d - Mephitic Cloud        Conj/Alch/Air  33%        N/A       1%          3
e - Iskenderun's Battles  Conj           27%        2d8       30%         5

Your spell library contained the following spells:

 Spells                   Type           Power      Damage    Failure   Level
 Magic Dart               Conj           100%       1d8       1%          1
 Cigotuvi's Dreadful Rot  Necr/Alch/Air  52%        N/A       1%          2
 Searing Ray              Conj           54%        2d6       1%          2
 Fulminant Prism          Conj/Alch      19%        3d10      3%          4
 Sticky Flame             Fire/Alch      29%        2d7       10%         4
 Brom's Barrelling Bould  Conj/Erth      17%        2d4       32%         4
 Fireball                 Conj/Fire      8%         3d6       65%         5
 Dispel Undead            Necr           7%         3d8       67%         4
 Martyr's Knell           Necr/Summ      7%         N/A       67%         4
 Conjure Ball Lightning   Conj/Air       12%        3x3d6     93%         6
 Summon Forest            Summ/Tloc      3%         N/A       95%         5
 Summon Mana Viper        Hex/Summ       7%         N/A       95%         5
 Death Channel            Necr           3%         N/A       100%        6
 Summon Cactus Giant      Summ           3%         N/A       100%        6
 Orb of Destruction       Conj           13%        9d7       100%        7


Dungeon Overview and Level Annotations

Branches:
Dungeon (9/15)             Temple (0/1) D:4
   Lair: D:8-11         Orc: D:9-12

Altars:
Ashenzari
Dithmenos
Qazlal
Uskayaw
Xom

Shops:
D:2 !   D:7 =[[[(

Portals:
Bailey: D:9


Innate Abilities, Weirdness & Mutations

You cannot wear most types of armour.
You are amphibious.
You can wear up to eight rings at the same time.
Your skin changes colour to match your surroundings (Stealth+).
Your rubbery body absorbs attacks. (AC +1, EV +1)
((You are camouflaged when in or above water. (Stealth+)))
You have tentacles for arms and can constrict up to eight enemies at once.
You are clumsy. (Dex -2)
Your magical capacity is low. (-10% MP)
You expend magic power (3 MP) to strengthen your wands.


Message History

Confirm with . or Enter, or press ? or * to list all spells.
Aiming: Sting (safe; 1% risk of failure)
Press: ? - help, Shift-Dir - straight line, f/p - two-headed ogre
Aim: a two-headed ogre, wielding two +0 giant clubs (severely wounded, extremely poisoned, 89% to hit)
The sting hits the two-headed ogre.
The two-headed ogre looks as sick as possible!
The two-headed ogre is almost dead.
The two-headed ogre closely misses you.
The two-headed ogre hits you with a +0 giant club!!
You hit the two-headed ogre but do no damage.
The two-headed ogre is almost dead.
Unknown command.
Casting: Sting (safe; 1% risk of failure)
Confirm with . or Enter, or press ? or * to list all spells.
Aiming: Sting (safe; 1% risk of failure)
Press: ? - help, Shift-Dir - straight line, f/p - two-headed ogre
Aim: a two-headed ogre, wielding two +0 giant clubs (almost dead, extremely poisoned, 89% to hit)
The sting hits the two-headed ogre.
The two-headed ogre looks as sick as possible!
The two-headed ogre is almost dead.
The two-headed ogre hits you with a +0 giant club!!
* * * LOW HITPOINT WARNING * * *
The two-headed ogre hits you with a +0 giant club!
* * * LOW HITPOINT WARNING * * *
Ashenzari invites you to partake of a vision and a curse of elements and melee combat.
Casting: Sting (safe; 1% risk of failure)
Confirm with . or Enter, or press ? or * to list all spells.
Aiming: Sting (safe; 1% risk of failure)
Press: ? - help, Shift-Dir - straight line, f/p - two-headed ogre
Aim: a two-headed ogre, wielding two +0 giant clubs (almost dead, extremely poisoned, 89% to hit)
Okay, then.
Okay, then.
Okay, then.
Aiming: Quicksilver Bolt
Press: ? - help, Shift-Dir - straight line, f/p - two-headed ogre
Aim: a two-headed ogre, wielding two +0 giant clubs (almost dead, extremely poisoned, 88% to hit)
You feel a slight surge of power.
The bolt of dispelling energy misses the two-headed ogre.
The two-headed ogre hits you with a +0 giant club!!
You die...

#./. ##+#...###
..........
.........
.......
'###....#
...'..O.#######
#...@.......
#°..........
#....######.
#####....# ###
#........# #..
#........# #.#
#####....# +.#
#....#####.#
#....'.....#


You could see a two-headed ogre (extremely poisoned).

Vanquished Creatures
  Joseph (D:7)
  A wyvern (D:8)
  6 yaks (D:8)
  Duvessa (D:7)
  4 water moccasins
  An orc warrior (D:9)
  A sky beast (D:6)
  4 black bears
  An ice beast (D:7)
  A centaur (D:8)
  2 kobold brigands (D:8)
  A bullfrog (D:6)
  A scorpion (D:5)
  5 wights (D:8)
  Dowan (D:7)
  14 killer bees
  5 howler monkeys
  3 bombardier beetles
  5 hounds
  A jelly (D:6)
  6 orc priests
  A gnoll bouda (D:7)
  An iguana (D:4)
  Terence (D:3)
  Natasha (thrice) (D:2)
  11 orc wizards
  11 gnolls
  8 adders
  A white imp (D:5)
  2 dart slugs
  3 ribbon worms
  41 orcs
  9 endoplasms
  2 giant cockroaches
  3 goblins
  6 hobgoblins
  3 jackals (D:3)
  16 kobolds
  6 quokkas
  6 ball pythons
  4 bats
  2 frilled lizards (D:2)
  6 rats
211 creatures vanquished.

Notes
Turn   | Place    | Note
-------+----------+-------------------------------------------
     0 | D:1      | PriceMaster the Octopode Alchemist began the quest for the
                  | Orb.
     0 | D:1      | Reached XP level 1. HP: 11/11 MP: 3/3
   407 | D:1      | Reached XP level 2. HP: 17/17 MP: 1/5
   516 | D:1      | Learned a level 2 spell: Mercury Vapours
  1089 | D:2      | Reached XP level 3. HP: 13/21 MP: 4/6
  1311 | D:2      | Found Kiolukk's Distillery.
  1314 | D:2      | You fall into a shaft and drop 1 floor!
  1590 | D:3      | Noticed Terence
  1601 | D:3      | Killed Terence
  1602 | D:3      | Reached XP level 4. HP: 27/27 MP: 1/8
  2071 | D:3      | Reached skill level 4 in Alchemy
  2232 | D:3      | Reached XP level 5. HP: 32/32 MP: 8/10
  2924 | D:2      | Noticed Natasha
  2932 | D:2      | Found a shimmering altar of Xom.
  2935 | D:2      | Killed Natasha
  2936 | D:2      | Reached XP level 6. HP: 18/37 MP: 7/12
  3166 | D:2      | Bought a potion of heal wounds for 60 gold pieces
  3387 | D:2      | Noticed Natasha
  3392 | D:2      | Killed Natasha
  3528 | D:2      | Noticed Natasha
  3544 | D:2      | Killed Natasha
  3889 | D:4      | Found a broken altar of Ashenzari.
  3907 | D:4      | Became a worshipper of Ashenzari the Shackled
  4465 | D:4      | Learned a level 4 spell: Olgreb's Toxic Radiance
  4469 | D:4      | Learned a level 3 spell: Mephitic Cloud
  4664 | D:4      | Reached XP level 7. HP: 21/42 MP: 0/13
  4668 | D:4      | Reached skill level 5 in Alchemy
  5351 | D:4      | Reached skill level 1 in Fighting
  5351 | D:4      | Reached skill level 1 in Air Magic
  5477 | D:4      | Found a staircase to the Ecumenical Temple.
  5583 | D:5      | Entered Level 5 of the Dungeon
  5637 | D:5      | Reached skill level 1 in Short Blades
  5889 | D:5      | Reached skill level 6 in Alchemy
  6195 | D:5      | Reached * piety under Ashenzari
  6202 | D:5      | Found a shimmering altar of Xom.
  6206 | D:5      | Found a shadowy altar of Dithmenos.
  6211 | D:5      | Found a stormy altar of Qazlal.
  6270 | D:5      | Reached skill level 5 in Spellcasting
  6270 | D:5      | Reached XP level 8. HP: 50/50 MP: 7/15
  7210 | D:6      | Reached skill level 7 in Alchemy
  8329 | D:7      | Found Neaclydu's Jewellery Shoppe.
  8449 | D:7      | Learned a level 5 spell: Iskenderun's Battlesphere
  8641 | D:7      | Gained mutation: You have hidden genetic defects. [potion
                  | of mutation]
  8641 | D:7      | Gained mutation: You expend magic power (3 MP) to
                  | strengthen your wands. [potion of mutation]
  8642 | D:7      | Noticed Duvessa
  8643 | D:7      | Noticed Dowan
  8648 | D:7      | Killed Dowan
  8649 | D:7      | Reached XP level 9. HP: 55/55 MP: 0/17
  8655 | D:7      | Killed Duvessa
  8769 | D:7      | Gained mutation: Your magical capacity is low. (-10% MP)
                  | [hidden defects]
  9062 | D:7      | Reached skill level 8 in Alchemy
  9525 | D:7      | Noticed Joseph
  9538 | D:7      | Killed Joseph
  9550 | D:7      | Gained mutation: You are clumsy. (Dex -2) [hidden defects]
  9550 | D:7      | Lost mutation: You have hidden genetic defects. [hidden
                  | defects expressed]
  9894 | D:7      | Found Hahan's Armour Emporium.
  9913 | D:7      | Found Pyasux's Armour Boutique.
  9938 | D:7      | Found Asulank's Antique Armour Shoppe.
  9946 | D:7      | Reached skill level 1 in Evocations
 10325 | D:7      | Found a hide-covered altar of Uskayaw.
 10483 | D:7      | Found Wimoenuz's Weapon Boutique.
 10578 | D:7      | Bought the +1 short sword "Xuum" {flame, rElec rF- Str+3
                  | Stlth+} for 344 gold pieces
 10943 | D:8      | Reached skill level 5 in Stealth
 10943 | D:8      | Reached skill level 9 in Alchemy
 11509 | D:8      | Reached XP level 10. HP: 46/65 MP: 3/18
 11858 | D:8      | Identified the +7 flail of the Spider Nest {venom, rC+
                  | Will+ Stlth-}
 12933 | D:9      | Reached skill level 10 in Alchemy
 13193 | D:9      | Found a flagged portal.
 13214 | D:9      | Noticed a two-headed ogre
 13223 | D:9      | HP: 3/65 [two-headed ogre/+0 giant club (8)]
 13224 | D:9      | Demolished by a two-headed ogre

Illustrated notes

Levels and vault maps discovered:
D:1:      kilobyte_arrival_exit_the_forest, layout_loops_ring
D:2:      layout_basic, serial_shops, shop, basic_altar, uniq_natasha
D:3:      minmay_chambers_of_threes, layout_loops_ring, uniq_terence
D:4:      layout_basic, cheibrodos_ashenzari_chains,
          minmay_temple_entry_poolview, lightli_corner_chamber
D:5:      layout_cave_pods, grunt_temple_overflow_diamond
D:6:      layout_loops_corners, minmay_misc_feat_tiny
D:7:      layout_loops_cross, overflow_temple_1_default, serial_shops, shop,
          shop, nicolae_diamond_shop, nicolae_shop_bloodbath_and_beyond,
          nicolae_shop_gaudy_bauble, uniq_duvessa, uniq_joseph
D:8:      layout_basic
D:9:      layout_stronghold, enter_bailey_6

Skill      XL: |  1  2  3  4  5  6  7  8  9 10 |
---------------+-------------------------------+-----
Spellcasting   | 3 4 5 6 7 |  7.2
Alchemy        | 4 6 7 9 10 | 10.1
Stealth        | 3 4 5 7 |  7.1
Conjurations   | 2 3 4 |  4.3
Fighting       | 2 4 |  4.9
Air Magic      | 1 2 |  2.9
Short Blades   | 1 2 |  2.1
Dodging        | 3 4 |  4.3
Evocations     | 1 |  1.2
Maces & Flails | |  0.8

Action                     |  1- 3 |  4- 6 |  7- 9 | 10-12 || total
---------------------------+-------+-------+-------+-------++-------
  Melee: Dagger            |    23 |    51 |    77 |       ||   151
         Tentacles         |    10 |    11 |    30 |    18 ||    69
         Constrict         |     8 |    17 |    23 |    10 ||    58
         Unarmed           |     2 |       |       |       ||     2
         Punch             |     1 |     1 |     3 |       ||     5
         Short sword       |       |       |    14 |    23 ||    37
         Flail             |       |       |       |    31 ||    31
   Cast: Sting             |    39 |    82 |    66 |    23 ||   210
         Mercury Vapours   |     7 |     9 |     5 |     1 ||    22
         Mephitic Cloud    |       |     1 |    21 |     3 ||    25
         Olgreb's Toxic Ra |       |     1 |    28 |    11 ||    40
         Iskenderun's Batt |       |       |     7 |     4 ||    11
 Invoke: Curse Item        |       |       |     2 |       ||     2
  Evoke: Wand              |       |       |     4 |     1 ||     5
    Use: Potion            |       |     3 |     6 |     2 ||    11
   Stab: Sleeping          |       |     1 |     4 |       ||     5
         Confused          |       |       |     5 |       ||     5
 Armour: Skin              |    16 |    45 |    77 |    33 ||   171
  Dodge: Dodged            |    22 |    57 |    76 |    38 ||   193
